 Dungeon Crawl Stone Soup version 0.18.1-50-g88ac8fd (webtiles) character file.

683 varam the Skirmisher (level 7, -1/78 HPs)
             Began as an Ogre Berserker on Oct 20, 2016.
             Was a Priest of Trog.
             Slain by Prince Ribbit (11 damage)
             ... on level 5 of the Dungeon.
             The game lasted 00:07:52 (3639 turns).

varam the Skirmisher (Ogre Berserker)               Turns: 3639, Time: 00:07:52

Health: -1/78      AC:  3    Str: 25    XL:     7   Next: 61%
Magic:  7/7        EV: 11    Int:  6    God:    Trog [***...]
Gold:   174        SH:  0    Dex:  9    Spells: 0 memorised, 6 levels left

rFire  . . .     SeeInvis .     C - +0 whip (elec)
rCold  . . .     Gourm    .     b - +0 animal skin
rNeg   . . .     Faith    .     (no shield)
rPois  .         Spirit   .     (helmet restricted)
rElec  .         Dismiss  .     (no cloak)
rCorr  .         Reflect  .     (gloves unavailable)
SustAt .         Harm     .     (boots unavailable)
MR     .....                    (no amulet)
Stlth  +.........               (no ring)
                                (no ring)

@: exhausted, very slightly contaminated, hasted and slowed, not resistant to
hostile enchantments, very unstealthy
A: unfitting armour, tough skin 1
a: Berserk, Trog's Hand, Burn Spellbooks, Renounce Religion


You were on level 5 of the Dungeon.
You worshipped Trog.
Trog was most pleased with you.
You were not hungry.

You visited 1 branch of the dungeon, and saw 5 of its levels.

You collected 174 gold pieces.

Inventory:

Hand Weapons
 a - a +0 mace
 f - a +0 whip
 B - the +4 spear of Blood {venom, rElec rC+ SInv}
   (You found it on level 4 of the Dungeon)

   It poisons the flesh of those it strikes.
   It protects you from cold.
   It insulates you from electricity.
   It lets you see invisible.
 C - a +0 whip of electrocution (weapon)
Missiles
 g - 129 stones (quivered)
 k - 3 javelins
Armour
 b - a +0 animal skin (worn)
Jewellery
 l - an uncursed ring of sustain attributes {unknown}
Wands
 u - a wand of digging (9/24)
Scrolls
 d - a scroll of magic mapping {unknown}
 e - 6 scrolls of identify {unknown}
 h - 3 scrolls of blinking {unknown}
 o - a scroll of amnesia {unknown}
 s - a scroll of random uselessness {unknown}
 v - a scroll of enchant armour {unknown}
 x - a scroll of enchant weapon {unknown}
 y - 3 scrolls of immolation {unknown}
 D - 2 scrolls of teleportation {unknown}
 E - a scroll of recharging {unknown}
Potions
 j - a potion of berserk rage {unknown}
 m - a potion of degeneration {unknown}
 n - a potion of lignification {unknown}
 p - a potion of cure mutation {unknown}
 r - a potion of resistance {unknown}
 t - a potion of curing {@q1}
 w - a potion of haste
 z - a potion of agility {unknown}
 A - a potion of mutation {unknown}
 F - a potion of heal wounds {unknown}
Comestibles
 c - 3 bread rations
 i - 3 meat rations
 q - a beef jerky


   Skills:
 + Level 7.5 Fighting
 + Level 7.2 Maces & Flails
 + Level 4.9 Dodging


You had 6 spell levels left.
You didn't know any spells.

Dungeon Overview and Level Annotations

Branches:
Dungeon (5/15)             Temple (0/1) D:4

Altars:
Nemelex Xobeh
Okawaru

Annotations:
D:5 Prince Ribbit


Innate Abilities, Weirdness & Mutations

You are too large for most types of armour.
You have tough skin (AC +1).


Message History

You are very lightly contaminated with residual magic.
You feel sick.
Prince Ribbit blinks!
You feel sick.
You feel sick.
You feel sick.
Prince Ribbit blinks!
Prince Ribbit hits you but does no damage.
You feel sick.
Prince Ribbit blinks!
You feel sick.
Prince Ribbit blinks!
You feel sick. Prince Ribbit hits you!
* * * LOW HITPOINT WARNING * * *
Drink which item? (? for menu, Esc to quit)
It was a potion of curing.
You feel better. Prince Ribbit closely misses you.
Drink which item? (? for menu, Esc to quit)
You feel better. Prince Ribbit hits you!
* * * LOW HITPOINT WARNING * * *
Prince Ribbit hits you!
You die...

###...##.............##
#.....#
.#...####.............#
#..<.## _..###
#.............# ######
#...## ##...........##
##...# ###.......###
##...## ##......#
###...## ####..##
.###...# ##..#
..##...## #.@##
..###...## #.F#
...###...## ##.## ...#
##...# #..# ..##
#...####.## ..#
##...##..# .##
#....#.## .# ####.....#
## ##...#...##


You could see Prince Ribbit.

Vanquished Creatures
  The ghost of Duraxyll the Cudgeler, an amateur GrBe of Trog (D:4)
  Sigmund (D:3)
  An ogre (D:4)
  A scorpion (D:5)
  A giant frog skeleton (D:5)
  Jessica (D:3)
  Natasha (D:3)
  A worker ant (D:4)
  A gnoll (D:1)
  2 adders
  An ooze (D:3)
  An adder skeleton (D:5)
  3 worms
  3 dart slugs
  7 giant geckos
  4 orcs (D:4)
  2 ball pythons
  2 giant cockroaches
  6 goblins
  5 hobgoblins
  10 jackals
  4 kobolds
  3 quokkas
  6 bats
  A giant gecko skeleton (D:5)
  2 giant newts (D:2)
  6 rats
77 creatures vanquished.

Notes
Turn   | Place    | Note
--------------------------------------------------------------
     0 | D:1      | varam the Ogre Berserker began the quest for the Orb.
     0 | D:1      | Reached XP level 1. HP: 24/24 MP: 1/1
    68 | D:1      | Found a sparkling altar of Nemelex Xobeh.
    90 | D:1      | Reached XP level 2. HP: 11/33 MP: 2/2
   431 | D:1      | Reached XP level 3. HP: 36/40 MP: 3/3
   704 | D:1      | Reached ** piety under Trog
  1340 | D:2      | Reached XP level 4. HP: 43/49 MP: 4/4
  1392 | D:3      | Reached skill level 5 in Maces & Flails
  1490 | D:3      | Reached skill level 5 in Fighting
  1561 | D:3      | Noticed Sigmund
  1574 | D:3      | Killed Sigmund
  1574 | D:3      | Reached XP level 5. HP: 55/59 MP: 5/5
  1755 | D:3      | Noticed Jessica
  1761 | D:3      | Killed Jessica
  1761 | D:3      | Reached XP level 6. HP: 62/67 MP: 6/6
  1813 | D:3      | Noticed Natasha
  1816 | D:3      | Killed Natasha
  2277 | D:4      | Noticed Duraxyll's ghost (amateur GrBe)
  2291 | D:4      | Killed Duraxyll's ghost
  2291 | D:4      | Reached XP level 7. HP: 76/76 MP: 7/7
  2482 | D:4      | Found a staircase to the Ecumenical Temple.
  2529 | D:4      | Reached *** piety under Trog
  2568 | D:5      | Entered Level 5 of the Dungeon
  2975 | D:4      | Got a jewelled spear
  2976 | D:4      | Identified the +4 spear of Blood {venom, rElec rC+ SInv} (You found it on level 4 of the Dungeon)
  3253 | D:5      | Found an iron altar of Okawaru.
  3593 | D:5      | Noticed Prince Ribbit
  3636 | D:5      | HP: 2/78 [Prince Ribbit (8)]
  3639 | D:5      | Slain by Prince Ribbit

Skill      XL: |  1  2  3  4  5  6  7 |
---------------+----------------------+-----
Dodging        | 3 4 |  4.9
Maces & Flails | 5 6 7 |  7.2
Fighting       | 5 6 7 |  7.5

Action                   |  1- 3 |  4- 6 |  7- 9 || total
-------------------------+-------+-------+-------++-------
Melee: Mace              |    18 |       |       ||    18
       Whip              |   123 |   124 |    73 ||   320
       Spear             |       |       |     9 ||     9
Invok: Berserk           |       |     3 |     2 ||     5
  Use: Potion            |       |       |     3 ||     3
 Stab: Sleeping          |       |     1 |       ||     1
  Eat: Chunk             |     1 |     6 |     4 ||    11
       Bread ration      |       |       |     1 ||     1
Armor: Animal skin       |    59 |    10 |    13 ||    82
Dodge: Dodged            |    88 |    46 |    40 ||   174
